 Dungeon Crawl Stone Soup version 0.30-a0-956-gcec3b41aec (webtiles) character file.

Game seed: 15437009707165224348

107 dredge the Slasher (level 5, 0/41 HPs)
             Began as a Human Berserker on Mar 30, 2023.
             Was a Believer of Trog.
             Slain by an ogre
             ... wielding a +0 giant club
              (6 damage)
             ... on level 4 of the Dungeon.
             The game lasted 00:06:14 (2928 turns).

dredge the Slasher (Human Berserker)                Turns: 2928, Time: 00:06:15

Health: 0/41       AC: 10    Str: 19    XL:     5   Next: 10%
Magic:  0/5        EV:  7    Int: 14    God:    Trog [**....]
Gold:   192        SH:  3    Dex: 12    Spells: 4/4 levels left

rFire   . . .      SeeInvis .    r - +0 long sword
rCold   . . .      Faith    .    j - +0 buckler
rNeg    . . .      Spirit   +    m - +0 chain mail
rPois   .          Reflect  .    (no helmet)
rElec   .          Rampage  .    (no cloak)
rCorr   .                        (no gloves)
Will    .....                    g - +0 pair of boots Stlth
                                 f - amulet of guardian spirit
HPRegen 0.26/turn                a - +6 ring of intelligence
MPRegen 0.09/turn                (no ring)

@: on berserk cooldown, slowed, very slow
A: no striking features
a: Renounce Religion, Berserk, Trog's Hand


You were on level 4 of the Dungeon.
You worshipped Trog.
Trog was pleased with you.
You visited 1 branch of the dungeon, and saw 4 of its levels.

You collected 192 gold pieces.

Inventory:

Hand Weapons
 n - the +2 sling "Lysek" {flame, rF+ Str+3 Int+3 Stlth-}
   (You found it on level 2 of the Dungeon)

   Str:       It affects your strength (+3).
   Int:       It affects your intelligence (+3).
   rF:        It protects you from fire.
   Stlth:     It makes you less stealthy.
 r - a +0 long sword (weapon)
Armour
 g - a +0 pair of boots (worn)
 j - a +0 buckler (worn)
 m - a +0 chain mail (worn)
Jewellery
 a - a +6 ring of intelligence (left hand)
 f - an amulet of guardian spirit (around neck)
Scrolls
 c - a scroll of enchant armour {unknown}
 d - a scroll of amnesia {unknown}
 e - 2 scrolls of teleportation {unknown}
 h - a scroll of fog {unknown}
 k - 3 scrolls of identify {unknown}
 o - 2 scrolls of magic mapping {unknown}
 q - a scroll of poison {unknown}
Potions
 b - a potion of curing
 i - a potion of brilliance {unknown}
 l - 2 potions of haste {unknown}
 p - a potion of degeneration {unknown}


   Skills:
 + Level 3.3 Fighting
 + Level 4.4 Long Blades
 + Level 2.7 Armour
 + Level 2.5 Dodging
 + Level 0.6 Stealth


You had 4 spell levels left.
You didn't know any spells.
Your spell library contained the following spells:

 Spells                   Type           Power      Damage    Failure   Level
 Blink                    Tloc           0%         N/A       100%        2
 Lesser Beckoning         Tloc           0%         N/A       100%        2
 Momentum Strike          Conj/Tloc      0%         3d8       100%        2
 Frozen Ramparts          Ice            0%         1d1       100%        3
 Ice Form                 Ice/Tmut       0%         N/A       100%        4
 Summon Ice Beast         Ice/Summ       0%         N/A       100%        4


Dungeon Overview and Level Annotations

Branches:
Dungeon (4/15)
 Temple: D:4-7

Altars:


Message History

There is an open door here.
You open the door.
Found a book of Spatial Translocations.
There is an open door here.
You see here a book of Spatial Translocations.
You pick up a book of Spatial Translocations and begin reading...
You add the spells Blink, Momentum Strike and Lesser Beckoning to your library.
You open the door.
There is an open door here.
Found a stone staircase leading up.
There is an open door here.
There is an open door here.
You open the door.
An ogre comes into view. It is wielding a +0 giant club.
The ogre shouts!
There is an open door here.
The ogre hits you with a +0 giant club!
You barely miss the ogre. You barely miss the ogre.
The ogre hits you with a +0 giant club!!
Ouch! That really hurt!
* * * LOW HITPOINT WARNING * * *
You are too injured to fight recklessly!
You are too injured to fight recklessly!
A red film seems to cover your vision as you go berserk!
You feel yourself moving faster!
You feel mighty! You block the ogre's attack.
Okay, then.
You feel a strong urge to attack something.
There is an open door here.
You feel your anger nearly subside.
You are no longer berserk.
You are exhausted.
You feel yourself slow down.
You slash the ogre!
The ogre is moderately wounded.
The ogre closely misses you.
You hit the ogre.
The ogre is heavily wounded.
The ogre hits you with a +0 giant club!
You die...

##......## #########
.....#### #.......##
...#....## #........#
..#....#.# #........#
.#....#..# +........#
#....#...# #........#
####.....# #........#
#....#...#####'######
.#....#..#.# #.O@.##
..#....#.#.######..#######<##
...#....##..(................
.....#####...#####..#####....
...#....##...# ##)# #
..#....#.#...# #.# #.#
.#....#..#...# #.# #<#
#....#...#...# #.#####.#
####.....#...# #....##.#


You could see an ogre.

Vanquished Creatures
  2 adders (D:3)
  5 worms
  3 dart slugs
  An orc (D:2)
  3 ball pythons
  12 endoplasms
  A giant cockroach (D:3)
  5 goblins
  4 hobgoblins
  5 quokkas
  9 bats
  4 frilled lizards
  2 kobolds
  8 rats
64 creatures vanquished.

Vanquished Creatures (others)
  4 plants (D:2)
4 creatures vanquished.

Grand Total: 68 creatures vanquished

Notes
Turn   | Place    | Note
-------+----------+-------------------------------------------
     0 | D:1      | dredge the Human Berserker began the quest for the Orb.
     0 | D:1      | Reached XP level 1. HP: 18/18 MP: 1/1
   181 | D:1      | Reached XP level 2. HP: 24/24 MP: 2/2
   378 | D:1      | Reached XP level 3. HP: 28/29 MP: 3/3
   982 | D:2      | Reached ** piety under Trog
  1012 | D:2      | Reached skill level 4 in Long Blades
  1026 | D:2      | Identified the +2 sling "Lysek" {flame, rF+ Str+3 Int+3
                  | Stlth-}
  1093 | D:2      | Found a faded altar of an unknown god.
  1117 | D:2      | Reached XP level 4. HP: 35/35 MP: 4/4
  2347 | D:3      | Reached XP level 5. HP: 36/41 MP: 5/5
  2573 | D:4      | Identified the +7 spear of Trial by Ordeal {drain, *Noise
                  | Drain MP+9 Int+8}
  2915 | D:4      | Noticed an ogre
  2928 | D:4      | Slain by an ogre

Illustrated notes

Levels and vault maps discovered:
D:1:      minmay_arrival_five_plusses, layout_rooms, minmay_crystal_water
D:2:      layout_basic, serial_bayou, serial_bayou_lagoon_b,
          serial_bayou_pond_c, serial_bayou_ford_a, serial_bayou_pond_a,
          serial_bayou_pond_e, serial_bayou_pond_d, basic_ecumenical_altar,
          corexii_item_surrounded_by_moat, minivault_27,
          minmay_misc_feat_more_columns
D:3:      layout_loops_ring, amcnicky_mini_pool_small
D:4:      layout_basic, makhleb_heckhound_becter, chequers_garden,
          minmay_misc_feat_chi, kennysheep_minor_cross,
          hangedman_decor_diamond_cutter

Skill      XL: |  1  2  3 |
---------------+----------+-----
Long Blades    | 4 |  4.4
Fighting       | |  3.3
Armour         | |  2.7
Dodging        | |  2.5
Stealth        | |  0.6

Action                     |  1- 3 |  4- 6 || total
---------------------------+-------+-------++-------
  Melee: Falchion          |    92 |   116 ||   208
         Punch             |     1 |       ||     1
         Long sword        |       |     4 ||     4
 Invoke: Berserk           |       |     2 ||     2
    Use: Potion            |       |     2 ||     2
 Armour: Animal skin       |     2 |       ||     2
         Ring mail         |    15 |       ||    15
         Chain mail        |     2 |    46 ||    48
  Dodge: Dodged            |    38 |    34 ||    72
  Block: Buckler           |     3 |     6 ||     9

Table legend: (Time is in decaauts)
 A = Elapsed time spent in this place.
 B = Non-inter-level travel time spent in this place.
 C = Inter-level travel time spent in this place.
 D = Time resting spent in this place.
 E = Time spent auto-exploring this place.
 F = Levels seen in this place.
 G = Mean time per level.
                   A        B        C        D        E       F      G
               +--------+--------+--------+--------+--------+-----+--------+
         Total |   3001 |   2776 |    225 |     71 |   2151 |   4 |  750.2 |
       Dungeon |   3001 |   2776 |    225 |     71 |   2151 |   4 |  750.2 |
               +--------+--------+--------+--------+--------+-----+--------+

Top non-repeatable levels by time:
     D:2: 1129 daAuts
     D:3: 839 daAuts
     D:1: 661 daAuts
     D:4: 371 daAuts
